 Dungeon Crawl Stone Soup version 0.16.2-2-g470672f (webtiles) character file.

567394 Everild the Hoplite (level 26, -3/177 HPs)
             Began as a Gargoyle Fighter on Aug 21, 2015.
             Was the Champion of Okawaru.
             Slain by a revenant (7 damage)
             ... summoned by a shadow trap
             ... triggered by a catoblepas zombie
             ... on level 2 of the Crypt on Aug 25, 2015.
             The game lasted 09:53:22 (82414 turns).

Everild the Hoplite (Gargoyle Fighter)             Turns: 82414, Time: 09:53:22

Health: -3/177     AC: 65    Str: 33    XL:     26   Next: 85%
Magic:  33/33      EV: 16    Int: 13    God:    Okawaru [******]
Gold:   10101      SH: 27    Dex:  9    Spells: 0 memorised, 41 levels left

rFire  + . .     SeeInvis +     j - +3 flail (holy)
rCold  + + .     Clarity  .     u - +11 gold dragon armour
rNeg   + + +     SustAb   .     Y - +2 large shield {reflect}
rPois  ∞         Gourm    .     b - +2 hat {SInv}
rElec  +         Spirit   .     k - +0 cloak of Starlight {rElec rC+ EV+4 Stlth-}
rCorr  .         Warding  .     v - +1 pair of gloves "Muucuff" {rPois}
rMut   +         Stasis   .     q - +2 pair of boots {run}
MR     .....                    P - amulet of resist mutation
Stlth  ..........               U - ring "Piej" {rPois rN+ EV+1 Int+2 Stlth-}
                                p - ring of positive energy

@: mighty, vulnerable, silenced, quick, not resistant to hostile enchantments,
extremely unstealthy
A: able to fly continuously, antennae 2, big wings, blurry vision 1, dopey 1,
low mp 1, negative energy resistance 1, sense surroundings 2, electricity
resistance, unbreathing, petrification resistance, rot immunity, MP-powered
wands 1, AC +19
a: Fly, Renounce Religion
}: 3/15 runes: decaying, serpentine, silver


You were on level 2 of the Crypt.
You worshipped Okawaru.
Okawaru was exalted by your worship.
You were not hungry.

You visited 10 branches of the dungeon, and saw 53 of its levels.
You visited the Abyss 2 times.
You also visited: Labyrinth and Bailey.

You collected 10500 gold pieces.
You spent 399 gold pieces at shops.

Inventory:

Hand weapons
 j - a +3 flail of holy wrath (weapon)
 y - the +7 mace "Killer Bee's Regret" {crush, +Blink}
   (You found it on level 5 of the Vaults)

   It inflicts extra damage upon your enemies.
   It lets you blink.
Missiles
 l - 24 tomahawks of returning (quivered)
Armour
 b - a +2 hat of see invisible (worn)
 k - the +0 cloak of Starlight (worn) {rElec rC+ EV+4 Stlth-}
   (Okawaru gifted it to you on level 5 of the Snake Pit)

   It affects your evasion (+4).
   It protects you from cold.
   It insulates you from electricity.
   It makes you less stealthy.
 n - the +3 pair of boots "Ipnuro" {rCorr}
   (Okawaru gifted it to you on level 4 of the Vaults)

   It protects you from acid and corrosion.
 q - a +2 pair of boots of running (worn)
 u - a +11 gold dragon armour (worn)
 v - the +1 pair of gloves "Muucuff" (worn) {rPois}
   (You bought it in a shop on level 4 of the Orcish Mines)

   It protects you from poison.
 C - a +2 large shield of fire resistance
 Y - a +2 large shield of reflection (worn)
Jewellery
 h - the ring of Shoth {-Tele +Fly rF+ Int-4 Dex+7}
   (You found it on level 7 of the Dungeon)

   [ring of flight]

   It affects your intelligence (-4).
   It affects your dexterity (+7).
   It protects you from fire.
   It lets you fly.
   It prevents most forms of teleportation.
 p - a ring of positive energy (left hand)
 r - an uncursed ring of protection from cold
 t - a +4 ring of strength
 M - an uncursed amulet of stasis
 P - an amulet of resist mutation (around neck)
 T - the amulet "Thutte" {Gourm MP+9 Int-4 Dex+3}
   (You found it on level 5 of the Vaults)

   [amulet of the gourmand]

   It allows you to eat raw meat even when not hungry.
   It affects your intelligence (-4).
   It affects your dexterity (+3).
   It affects your magic capacity (+9).
 U - the ring "Piej" (right hand) {rPois rN+ EV+1 Int+2 Stlth-}
   (You took it off a deep elf demonologist on level 3 of the Elven Halls)

   [ring of evasion]

   It affects your evasion (+1).
   It affects your intelligence (+2).
   It protects you from poison.
   It protects you from negative energy.
   It makes you less stealthy.
Magical devices
 E - a wand of teleportation (4)
 Q - a wand of disintegration (13)
 V - a wand of digging (13)
 X - a wand of hasting (1)
Scrolls
 a - a scroll of holy word
 c - 10 scrolls of teleportation
 e - 6 scrolls of magic mapping
 i - 11 scrolls of blinking
 x - 4 scrolls of identify
 G - 16 scrolls of remove curse
Potions
 f - 6 potions of restore abilities
 s - 7 potions of cancellation
 B - 9 potions of haste
 H - 3 potions of agility
 J - 4 potions of curing
Books
 z - a book of Geomancy

   Spells                             Type                      Level
   a - Sandblast                      Earth                        1
   b - Stoneskin                      Transmutation/Earth          2
   c - Passwall                       Transmutation/Earth          3
   d - Stone Arrow                    Conjuration/Earth            3
   e - Petrify                        Transmutation/Earth          4
   f - Lee's Rapid Deconstruction     Earth                        5
Miscellaneous
 o - 2 phantom mirrors
 F - a disc of storms
 K - a legendary deck of summoning {drawn: 3}
 N - a legendary deck of changes {the Potion}
 O - a lamp of fire (inert)
Comestibles
 d - 34 bread rations
 m - 3 meat rations
 L - 37 fruits


   Skills:
 * Level 21.5 Fighting
 + Level 21.1 Maces & Flails
 - Level 4.9 Throwing
 * Level 21.8 Armour
 + Level 13.1 Dodging
 * Level 22.1 Shields
 - Level 8.0 Spellcasting
 - Level 9.0 Invocations
 - Level 7.0 Evocations


You had 41 spell levels left.
You didn't know any spells.

Dungeon Overview and Level Annotations

Branches:
Dungeon (15/15)            Temple (1/1) D:4            Lair (8/8) D:8
  Swamp (5/5) Lair:6        Snake (5/5) Lair:4        Slime (0/6) Lair:7
    Orc (4/4) D:10            Elf (3/3) Orc:3        Vaults (5/5) D:13
  Crypt (2/3) Vaults:3     Depths (5/5) D:15            Zot (0/5) Depths:5

Altars:
Ashenzari
Cheibriados
Dithmenos
Elyvilon
Fedhas
Gozag
Kikubaaqudgha
Makhleb
Nemelex Xobeh
Okawaru
Qazlal
Ru
Sif Muna
Trog
Vehumet
Xom
Yredelemnul
Zin
Beogh
Jiyva

Shops:
D:4 ?   D:6 }((   Orc:2 [   Orc:4 (([*:   Elf:2 }   Vaults:5 }

Portals:
Hell: Depths:1 Depths:2 Depths:3 Depths:4 Depths:5
Abyss: Depths:4
Pandemonium: Depths:3 Depths:5
Ziggurat: Depths:3
Trove: Vaults:1 (show slimy rune of Zot)

Annotations:
D:6 smiler's ghost, experienced GrEE


Innate Abilities, Weirdness & Mutations

You are resistant to torment.
You are immune to poison.
You can fly continuously.
Your stone body is very resilient (AC +19).
Your wings are large and strong.
You resist negative energy.
You are resistant to electric shocks.
You can survive without breathing.
You are immune to petrification.
You are immune to rotting.
You have a pair of antennae on your head.
Scrolls take you a little longer to read.
You are dopey. (Int -2)
Your magical capacity is low (-10% MP).
You passively map the area around you.
You expend magic power (3 MP) to slightly strengthen your wands.


Message History

The death knight is engulfed in ghostly flame.
You block the revenant's attack. The ghoul hits you but does no damage.
You block the ghoul's attack.
The skeletal warrior hits you from afar with a trident!
* * * LOW HITPOINT WARNING * * *
The ghoul hits you!
* * * LOW HITPOINT WARNING * * *
The ghoul barely misses you.
The eidolon hits you but does no damage. x2
The phantasmal warrior hits you but does no damage.
Use which ability? (? or * to list)
Okay, then.
Unknown command.
Evoke which item? (* to show all) (? for menu, Esc to quit)
You draw a card...
It is Foxfire.
You are engulfed in ghostly flame.
Your hands slow down.
The spectral titan fades away!
The death knight is engulfed in ghostly flame.
The revenant hits you!
You die...

#.... , #.......
#^....... #.........,,,
#..........
#Z.........,
#§.......(.
#########zzV........ ,
##.(zW@nLzzzW........
#....LnWVWzpWW.......
#...zzzVWZZ§§.§...#+++#
##...ZznzWZz......+...#
##........§......+....
##........L.....+....
##'''##!.......#....
##....'........#...#
#.....'...?....#...#


You could see 2 ghouls, 3 revenants, a death knight, an eidolon, an ancient
champion, 12 skeletal warriors, 2 jiangshi, a vampire mage, 2 phantasmal
warriors, a freezing wraith, a silent spectre, a spectral stone giant, 3
wraiths, a necrophage, an iron dragon simulacrum, an anaconda zombie and a
catoblepas zombie.

Vanquished Creatures
  An ancient lich (Vaults:5)
  Boris (twice) (Vaults:3 Vaults:4)
  The ghost of pustota the Shatterer, a great MiFi of Okawaru (Elf:3)
  Sojobo (Vaults:4)
  Saint Roka (Vaults:3)
  Jory (Depths:4)
  4 golden dragons
  2 bone dragons (Abyss:1)
  Nikola (Snake:2)
  2 liches
  A Hell Sentinel (Vaults:3)
  7 tentacled monstrosities
  3 quicksilver dragons
  2 deep elf master archers (Elf:3)
  Asterion (Swamp:5)
  7 titans
  2 deep elf blademasters (Elf:3)
  5 tentacled starspawn (Abyss:1)
  A thorn hunter (Swamp:5)
  2 ancient champions
  Rupert (Elf:2)
  4 sphinxes
  A shadow dragon (Depths:3)
  4 tengu reavers
  Frances (Vaults:4)
  8 greater nagas
  5 storm dragons
  7 frost giants
  2 revenants
  A balrug (Depths:3)
  6 fire giants
  8 vault wardens
  Donald (Vaults:3)
  3 iron dragons
  2 ghost moths (Depths:4)
  10 emperor scorpions
  Aizul (Snake:2)
  A draconian knight (Vaults:4)
  6 deep elf sorcerers
  A curse skull (Crypt:1)
  An orc warlord (Orc:4)
  Gastronok (Lair:2)
  8 ghouls
  Jorgrun (Elf:2)
  2 reapers
  8 vampire knights
  13 ironheart preservers
  3 spriggan defenders
  4 war gargoyles
  25 stone giants
  2 draconian shifters (Depths:5)
  The ghost of Enish the Acrobat, a mighty FeBe of Trog (Depths:3)
  11 very ugly things
  A green draconian (Depths:5)
  A black draconian (Depths:5)
  A lorocyproca (Depths:5)
  2 grey draconians (Depths:5)
  9 deep elf annihilators
  5 dire elephants
  Azrael (Snake:2)
  8 deep elf demonologists
  A yellow draconian (Depths:5)
  3 eidola
  A pale draconian (Depths:5)
  A red draconian (Abyss:1)
  14 ettins
  A crystal guardian (Vaults:3)
  A minotaur (Lab)
  10 deep elf death magi
  2 green deaths (Swamp:5)
  25 vault guards
  22 yaktaur captains
  Josephine (D:11)
  10 fire dragons
  11 jiangshi
  17 ogre magi
  3 deep elf high priests
  Fannar (Lair:1)
  7 great orbs of eyes
  2 caustic shrike simulacra
  13 rakshasas
  19 naga warriors
  3 ghost crabs (Swamp:5)
  10 centaur warriors
  Nessos (Orc:3)
  5 anacondas
  9 ice dragons
  4 spriggan air magi
  3 catoblepae
  Erica (Orc:3)
  9 deep troll shamans
  24 hydras
  17 dancing weapons (Elf:2)
  15 deep troll earth magi
  8 alligators
  6 tengu warriors
  15 naga sharpshooters
  12 death yaks
  4 hell hogs (Abyss:1)
  4 orc high priests
  5 spriggan berserkers
  The ghost of Stubu the Destroyer, a powerful GrWz of Vehumet (Lair:1)
  6 vampire magi
  8 shock serpents
  2 soul eaters (Swamp:5)
  A fire crab (shapeshifter) (Vaults:4)
  A wretched star (Abyss:1)
  2 hell knights (Depths:2)
  4 salamander mystics
  18 deep elf knights
  23 skeletal warriors
  A storm dragon skeleton (Depths:4)
  2 golden dragon zombies
  A quicksilver dragon simulacrum (Crypt:2)
  4 wizards
  An iron troll (Depths:5)
  14 shadow wraiths
  32 deep trolls
  A ghost moth zombie (Crypt:1)
  An unseen horror (D:9)
  7 flayed ghosts
  5 giant orange brains
  An ice devil (Abyss:1)
  7 swamp dragons
  3 shambling mangroves
  7 naga ritualists
  15 deep elf summoners
  9 necromancers
  An anaconda skeleton (Crypt:1)
  15 deep elf conjurers
  9 hill giants
  18 orc knights
  2 spriggan druids
  The ghost of Everild the Basher, an experienced GrFi of Okawaru (D:8)
  An orb spider (shapeshifter) (Vaults:4)
  A harpy (Vaults:5)
  16 ironbrand convokers
  4 orc sorcerers (Orc:4)
  5 wolf spiders
  A wolf spider zombie (D:15)
  An iron dragon zombie (Depths:4)
  A harpy (shapeshifter) (Vaults:4)
  3 stone giant zombies
  5 mana vipers
  3 guardian serpents
  11 griffons
  A salamander (shapeshifter) (Vaults:4)
  A frost giant zombie (Depths:4)
  2 worldbinders (Abyss:1)
  10 phantasmal warriors
  4 hornets
  3 fire giant zombies
  62 ugly things
  3 sixfirhies
  10 salamanders
  2 draconians (shapeshifter)
  2 iron dragon skeletons
  14 vault sentinels
  11 elephants
  7 cyclopes
  An elf zombie (Crypt:1)
  3 rust devils
  A stone giant skeleton (Crypt:1)
  A smoke demon (Abyss:1)
  3 centaur zombies
  35 black mambas
  11 large abominations
  24 naga magi
  5 spectral swamp worms (Depths:5)
  5 orange demons
  Psyche (D:9)
  An efreet (Abyss:1)
  3 gargoyles
  25 spiny frogs
  2 demonic crawlers (Abyss:1)
  8 komodo dragons
  2 yaktaurs (shapeshifter)
  2 storm dragon simulacra
  A sea snake zombie (Crypt:2)
  48 yaktaurs
  A fire drake (Lair:6)
  An iron troll zombie (Crypt:1)
  4 wandering mushrooms (D:11)
  4 hellwings
  2 ancient zymes (Abyss:1)
  4 tengu conjurers
  8 freezing wraiths
  24 deep elf priests
  A merfolk (shapeshifter) (Vaults:4)
  2 blue devils
  10 trolls
  A spriggan skeleton (Depths:2)
  A giant leech (shapeshifter) (Vaults:5)
  4 blink frogs (Lair:4)
  Sonja (Orc:2)
  8 polar bears
  29 two-headed ogres
  11 giant leeches
  A shadow dragon simulacrum (Depths:4)
  A polar bear (shapeshifter) (D:15)
  A tarantella zombie (Crypt:1)
  32 ravens
  21 bog bodies
  A slime creature (shapeshifter) (Vaults:4)
  A hydra skeleton (Crypt:1)
  5 boulder beetles
  70 slime creatures
  A human simulacrum (Vaults:3)
  A raven (shapeshifter) (Vaults:1)
  The ghost of Everild the Cudgeler, an average GrFi (D:4)
  3 raiju (Abyss:1)
  8 flying skulls
  6 air elementals
  2 basilisks
  18 redbacks
  An elf skeleton (Depths:4)
  2 ettin skeletons
  2 trapdoor spiders
  32 deep elf magi
  9 vampires
  3 ynoxinuls
  3 tarantellas
  A black mamba zombie (Crypt:2)
  16 small abominations
  4 hungry ghosts
  3 chaos spawn (Abyss:1)
  A wyvern (shapeshifter) (Vaults:3)
  A black mamba skeleton (Crypt:1)
  10 shadows
  A deep troll skeleton (Depths:1)
  8 wraiths
  35 yaks
  15 spriggans
  A spriggan (shapeshifter) (Vaults:5)
  13 hippogriffs
  2 wyverns
  A steam dragon (Swamp:1)
  Grum (D:8)
  A redback simulacrum (D:15)
  5 fire elementals
  22 vampire mosquitoes
  A steam dragon (shapeshifter) (Depths:2)
  56 nagas
  45 deep elf fighters
  6 neqoxecs
  11 wargs
  23 insubstantial wisps
  2 mottled dragons (shapeshifter)
  A human zombie (Depths:1)
  25 swamp worms
  27 water moccasins
  A water moccasin (shapeshifter) (Vaults:4)
  A death yak simulacrum (Depths:1)
  39 wolves
  A soldier ant (shapeshifter) (Depths:2)
  An ice dragon simulacrum (Crypt:1)
  10 wasps
  2 hell hounds (Snake:2)
  4 ice beasts
  9 swamp drakes
  2 black bears (shapeshifter)
  12 phantoms
  8 black bears
  A deep dwarf (shapeshifter) (Vaults:2)
  13 porcupines
  2 sky beasts
  16 spiders
  58 orc warriors
  2 eyes of draining (shapeshifter)
  2 boring beetles
  2 boggarts (Depths:1)
  6 necrophages
  An ettin simulacrum (Crypt:2)
  An anubis guard skeleton (Crypt:2)
  A boring beetle (shapeshifter) (D:15)
  18 centaurs
  16 crocodiles
  71 ogres
  Sigmund (D:3)
  2 big kobolds
  2 wyvern zombies
  A brain worm (Abyss:1)
  A salamander skeleton (Depths:4)
  19 giant frogs
  3 scorpions
  A wyvern skeleton (D:9)
  2 oklob saplings (D:11)
  A troll zombie (Crypt:2)
  A warg skeleton (Crypt:1)
  28 killer bees
  16 wights
  A spectral ogre (Crypt:2)
  A hippogriff skeleton (Crypt:1)
  2 giant frog zombies
  12 crimson imps
  7 jellies
  9 starcursed masses (Abyss:1)
  12 electric eels
  5 quasits
  32 orc priests
  A gnoll shaman (D:8)
  20 hounds
  3 centaur skeletons
  6 iguanas
  3 iron imps
  42 orc wizards
  14 worker ants
  Natasha (D:3)
  6 hell rats
  11 sheep
  A killer bee zombie (D:6)
  A hound zombie (D:11)
  2 mummies
  4 worker ant zombies
  11 gnolls
  A gnoll (shapeshifter) (Vaults:4)
  61 river rats
  23 adders
  8 shadow imps
  4 giant mites
  7 worms
  5 white imps
  10 ufetubi
  A halfling skeleton (Crypt:2)
  4 giant geckos
  255 orcs
  16 bats
  3 bat skeletons
  37 goblins
  26 hobgoblins
  4 jackals (D:1)
  16 quokkas
  8 giant cockroaches
  6 giant newts
  32 kobolds
  6 orc zombies
  17 rats
  11 ballistomycetes
  3 crawling corpses (Elf:3)
  A fungus (Elf:1)
  A starspawn tentacle (Abyss:1)
2967 creatures vanquished.

Vanquished Creatures (collateral kills)
  Agnes (Vaults:4)
  An ironheart preserver (Vaults:5)
  An ettin (Vaults:5)
  A shadow dragon skeleton (Crypt:2)
  A hornet (Vaults:4)
  A rust devil (Vaults:5)
  A vault sentinel (Vaults:5)
7 creatures vanquished.

Vanquished Creatures (others)
  A tengu reaver (Depths:1)
  A deep elf death mage (Crypt:2)
  A yaktaur captain (Depths:5)
  A deep elf high priest (Elf:3)
  An ice dragon (Crypt:2)
  2 hydras (Swamp:5)
  An anaconda (Snake:2)
  An alligator (Swamp:1)
  A naga sharpshooter (Snake:2)
  A shadow wraith (Vaults:3)
  A wizard (Swamp:5)
  A spriggan druid (Swamp:4)
  2 deep trolls (Vaults:5)
  An unseen horror (D:14)
  2 necromancers
  4 ugly things (Swamp:3)
  5 hornets (Vaults:4)
  A wolf spider (Vaults:5)
  A salamander (Depths:4)
  A black mamba (Snake:3)
  A vault sentinel (Vaults:5)
  2 naga magi
  A spiny frog (Swamp:3)
  A yaktaur (Vaults:5)
  A tengu conjurer (D:13)
  A raven (D:13)
  3 fire elementals
  A bog body (Swamp:5)
  A deep elf mage (Elf:2)
  A deep elf fighter (Elf:2)
  A ynoxinul (Elf:3)
  A naga (Snake:3)
  A swamp worm (Swamp:4)
  A swamp drake (Swamp:3)
  An orc warrior (Vaults:4)
  An ogre (Vaults:3)
  A tengu (shapeshifter) (Vaults:2)
  A boggart (Depths:1)
  A centaur (Depths:1)
  3 lost souls
  A torpor snail simulacrum (Depths:1)
  2 orc wizards
  5 sheep (Lair:4)
  2 ufetubi (Elf:3)
  2 orcs
  A kobold (Bailey)
  3 giant spores
  A goblin (Bailey)
  A lurking horror (Abyss:1)
  A ballistomycete (D:14)
  A bush (D:8)
  10 fungi
  17 plants
  9 starspawn tentacles (Abyss:1)
  282 starspawn tentacle segments (Abyss:1)
393 creatures vanquished.

Grand Total: 3367 creatures vanquished

Notes
Turn   | Place    | Note
--------------------------------------------------------------
     0 | D:1      | Everild, the Gargoyle Fighter, began the quest for the Orb.
     0 | D:1      | Reached XP level 1. HP: 14/14 MP: 1/1
   114 | D:1      | Reached XP level 2. HP: 17/19 MP: 2/2
   427 | D:1      | Reached XP level 3. HP: 21/23 MP: 3/3
   788 | D:2      | Found a white marble altar of Elyvilon.
   792 | D:2      | Found a snail-covered altar of Cheibriados.
   795 | D:2      | Found a shadowy altar of Dithmenos.
   839 | D:2      | Reached skill level 4 in Maces & Flails
  1246 | D:2      | Reached XP level 4. HP: 21/28 MP: 4/4
  2139 | D:3      | Noticed Sigmund
  2233 | D:3      | Killed Sigmund
  2233 | D:3      | Reached skill level 5 in Maces & Flails
  2233 | D:3      | Reached XP level 5. HP: 29/32 MP: 5/5
  2587 | D:3      | Noticed Natasha
  2598 | D:3      | Killed Natasha
  2598 | D:3      | Reached skill level 6 in Maces & Flails
  2598 | D:3      | Reached XP level 6. HP: 16/37 MP: 6/6
  3836 | D:4      | Reached skill level 7 in Maces & Flails
  3855 | D:4      | Found a staircase to the Ecumenical Temple.
  3862 | Temple   | Entered the Ecumenical Temple
  3877 | Temple   | Became a worshipper of Warmaster Okawaru
  3944 | D:4      | Found Zinargh's Magic Scroll Emporium.
  4040 | D:4      | Noticed Everild's ghost (average GrFi)
  4293 | D:4      | Killed Everild's ghost
  4293 | D:4      | Acquired Okawaru's first power
  4293 | D:4      | Reached XP level 7. HP: 34/41 MP: 7/7
  4481 | D:5      | Entered Level 5 of the Dungeon
  5079 | D:5      | Reached skill level 8 in Maces & Flails
  5209 | D:5      | Reached XP level 8. HP: 48/48 MP: 8/8
  5763 | D:6      | Found Keded's Antique Weapon Emporium.
  5792 | D:6      | Found Huuhas' Antique Weapon Shop.
  5806 | D:6      | Found Gilepur's Gadget Shop.
  5988 | D:6      | Reached skill level 5 in Fighting
  6125 | D:6      | Found a bloodstained altar of Trog.
  6150 | D:6      | Reached skill level 5 in Shields
  6436 | D:6      | Noticed smiler's ghost (experienced GrEE)
  6466 | D:7      | Got a flickering glass ring
  6501 | D:7      | Identified the ring of Shoth {-Tele +Fly rF+ Int-4 Dex+7} (You found it on level 7 of the Dungeon)
  6536 | D:7      | Found a shimmering altar of Xom.
  6579 | D:7      | Reached skill level 5 in Armour
  7326 | D:8      | Reached XP level 9. HP: 55/55 MP: 9/9
  7363 | D:8      | Noticed a troll
  7367 | D:8      | Noticed Everild's ghost (experienced GrFi)
  7392 | D:7      | Killed a troll
  7855 | D:8      | Noticed Grum
  8030 | D:8      | Killed Grum
  8190 | D:8      | Received a gift from Okawaru
  8213 | D:8      | Reached XP level 10. HP: 57/64 MP: 10/10
  8363 | D:8      | Killed Everild's ghost
  8405 | D:8      | Found a blossoming altar of Fedhas.
  8635 | D:8      | Found a staircase to the Lair.
  8931 | D:8      | Reached skill level 9 in Maces & Flails
  9394 | D:9      | Acquired Okawaru's second power
  9604 | D:9      | Killed an unseen horror
  9694 | D:9      | Reached XP level 11. HP: 71/71 MP: 11/11
 10465 | D:9      | Noticed Psyche
 10473 | D:9      | Killed Psyche
 10504 | D:10     | Entered Level 10 of the Dungeon
 10504 | D:10     | Noticed a tengu warrior
 10607 | D:10     | Found a blossoming altar of Fedhas.
 10783 | D:9      | Reached skill level 1 in Evocations
 10945 | D:10     | Reached skill level 10 in Shields
 10969 | D:9      | Reached skill level 1 in Invocations
 11002 | D:9      | Killed a tengu warrior
 11171 | D:11     | HP: 3/72 [orc priest/divine providence (11)]
 11174 | D:11     | Reached skill level 10 in Maces & Flails
 11615 | D:10     | Noticed a hill giant
 11679 | D:10     | Killed a hill giant
 11679 | D:10     | Received a gift from Okawaru
 11679 | D:10     | Reached skill level 10 in Fighting
 12437 | D:10     | Found a staircase to the Orcish Mines.
 12784 | Lair:1   | Entered Level 1 of the Lair of Beasts
 12839 | Lair:1   | Reached XP level 12. HP: 75/77 MP: 16/18
 13027 | Lair:1   | Noticed Fannar
 13058 | Lair:1   | Killed Fannar
 13237 | Lair:1   | Reached skill level 10 in Armour
 13483 | Lair:1   | Noticed Stubu's ghost (powerful GrWz)
 13521 | Lair:1   | Killed Stubu's ghost
 13521 | Lair:1   | Reached skill level 11 in Maces & Flails
 13980 | Lair:2   | Received a gift from Okawaru
 14200 | Lair:2   | Noticed Gastronok
 14225 | Lair:2   | Killed Gastronok
 14712 | Lair:3   | Noticed a seven-headed hydra
 14726 | Lair:3   | Killed a seven-headed hydra
 14743 | Lair:3   | Reached skill level 5 in Invocations
 15262 | Lair:3   | Reached XP level 13. HP: 78/84 MP: 21/21
 15599 | Lair:3   | Noticed a five-headed hydra
 15611 | Lair:3   | Killed a five-headed hydra
 15611 | Lair:3   | Reached skill level 5 in Evocations
 16085 | Lair:4   | Found a shimmering altar of Xom.
 16518 | Lair:4   | Reached skill level 12 in Maces & Flails
 16628 | Lair:4   | Received a gift from Okawaru
 16648 | Lair:4   | Got a ruby-encrusted chain mail {god gift}
 16649 | Lair:4   | Identified the +2 chain mail "Prouqyh" {Str+2 Slay+2} (Okawaru gifted it to you on level 4 of the Lair of Beasts)
 16918 | Lair:4   | Found a staircase to the Snake Pit.
 18261 | Lair:6   | Found a staircase to the Swamp.
 19431 | Lair:7   | Found a viscous altar of Jiyva.
 19432 | Lair:7   | Found a staircase to the Slime Pits.
 19708 | Lair:7   | Received a gift from Okawaru
 20038 | Lair:8   | Entered Level 8 of the Lair of Beasts
 20048 | Lair:8   | Gained mutation: Your wings are large and strong. [gargoyle growth]
 20048 | Lair:8   | Reached XP level 14. HP: 86/90 MP: 24/24
 20244 | Lair:8   | Reached skill level 13 in Maces & Flails
 20256 | Lair:8   | Found a glowing silver altar of Zin.
 20490 | Lair:8   | Reached skill level 1 in Dodging
 21109 | Lair:8   | Received a gift from Okawaru
 21395 | Lair:8   | Got a polished quarterstaff
 21638 | Lair:1   | Identified the +4 quarterstaff "Gayrph" {drain, MR- MP+9 Int+5} (You found it on level 8 of the Lair of Beasts)
 21684 | Lair:1   | Gained mutation: You have a pair of small antennae on your head. [potion of beneficial mutation]
 21888 | Orc:1    | Entered Level 1 of the Orcish Mines
 22336 | Orc:1    | Found a runed door.
 22574 | Orc:1    | Found a roughly hewn altar of Beogh.
 22856 | Orc:2    | Noticed Sonja
 22879 | Orc:2    | Killed Sonja
 23402 | Orc:2    | Found Ceivuv's Armour Boutique.
 23505 | Orc:3    | Noticed Nessos
 23574 | Orc:3    | Killed Nessos
 23597 | Orc:3    | Found a staircase to the Elven Halls.
 23851 | Orc:3    | Noticed Erica
 23856 | Orc:3    | Killed Erica
 24131 | Orc:3    | Got a slimy longbow
 24208 | Orc:4    | Entered Level 4 of the Orcish Mines
 24485 | Orc:4    | Found Segiepup's Antique Weapon Boutique.
 24810 | Orc:4    | Received a gift from Okawaru
 25865 | Orc:4    | Reached XP level 15. HP: 64/97 MP: 26/26
 26078 | Orc:4    | Reached skill level 14 in Maces & Flails
 26083 | Orc:4    | Noticed an orc warlord
 26119 | Orc:4    | Killed an orc warlord
 26234 | Orc:4    | Found Klep's General Store.
 26235 | Orc:4    | Found Bluole's Book Shoppe.
 26239 | Orc:4    | Found Oduontoh's Antique Armour Shoppe.
 26239 | Orc:4    | Found Ytusuur's Antique Weapon Emporium.
 26243 | Orc:4    | Bought a pair of translucent gloves for 399 gold pieces
 26248 | Orc:4    | Identified the +1 pair of gloves "Muucuff" {rPois} (You bought it in a shop on level 4 of the Orcish Mines)
 26415 | D:10     | Identified the +4 longbow of Fuklar {freeze, rC+ Str-3 Int+3 SInv Stlth+} (You found it on level 3 of the Orcish Mines)
 26899 | D:11     | Found a blossoming altar of Fedhas.
 27091 | D:11     | Noticed Josephine
 27112 | D:11     | Killed Josephine
 27113 | D:11     | Noticed an orc knight
 27149 | D:11     | Killed an orc knight
 27335 | D:12     | Found a labyrinth entrance.
 27345 | Lab      | Entered a labyrinth
 28040 | Lab      | Identified Qulan's Grimoire of Spatial Ice
 28413 | D:12     | Received a gift from Okawaru
 29134 | D:13     | Found a gate to the Vaults.
 29331 | D:14     | Found a flagged portal.
 29350 | Bailey   | Entered a bailey
 30432 | Snake:1  | Entered Level 1 of the Snake Pit
 30461 | Snake:1  | Found a blossoming altar of Fedhas.
 31439 | Snake:2  | Noticed Azrael
 31565 | Snake:2  | Killed Azrael
 32895 | Snake:2  | Reached XP level 16. HP: 101/104 MP: 28/28
 32913 | Snake:3  | Noticed Nikola
 32939 | Snake:2  | Received a gift from Okawaru
 32944 | Snake:2  | Got a sapphire-encrusted leather armour {god gift}
 32946 | Snake:2  | Identified the +2 leather armour of Okawaru's Reproof {MP+9 Dex+3} (Okawaru gifted it to you on level 2 of the Snake Pit)
 33038 | Snake:2  | Reached skill level 5 in Dodging
 33200 | Snake:2  | Killed Nikola
 33200 | Snake:2  | Reached skill level 15 in Maces & Flails
 33322 | Snake:3  | Noticed a greater naga
 33323 | Snake:3  | Noticed Aizul
 34383 | Snake:3  | Killed a greater naga
 34529 | Snake:2  | Killed Aizul
 36280 | Snake:5  | Entered Level 5 of the Snake Pit
 37016 | Snake:5  | Received a gift from Okawaru
 37038 | Snake:4  | Reached skill level 16 in Maces & Flails
 37131 | Snake:5  | Reached XP level 17. HP: 80/110 MP: 23/29
 37731 | Snake:5  | Received a gift from Okawaru
 38765 | Snake:5  | Got a serpentine rune of Zot
 38778 | Snake:5  | Gained mutation: Your magical capacity is low (-10% MP). [potion of mutation]
 38778 | Snake:5  | Gained mutation: You passively map a small area around you. [potion of mutation]
 38778 | Snake:5  | Gained mutation: You passively map the area around you. [potion of mutation]
 38845 | Snake:5  | Received a gift from Okawaru
 39186 | Swamp:1  | Entered Level 1 of the Swamp
 39311 | Swamp:1  | Reached skill level 1 in Spellcasting
 39587 | Swamp:1  | Reached skill level 15 in Shields
 40237 | Swamp:2  | Reached skill level 17 in Maces & Flails
 40688 | Swamp:3  | Reached XP level 18. HP: 108/117 MP: 26/26
 42559 | Swamp:5  | Entered Level 5 of the Swamp
 42559 | Swamp:5  | Noticed Asterion
 42858 | Swamp:5  | Killed Asterion
 42858 | Swamp:5  | Received a gift from Okawaru
 43090 | Swamp:5  | Got a brightly glowing robe {god gift}
 43091 | Swamp:5  | Identified the +1 robe "Bivur" {Slay+2} (Okawaru gifted it to you on level 5 of the Swamp)
 43674 | Swamp:5  | Identified Dispater's Guide on Ashen Creation (You found it on level 5 of the Swamp)
 43713 | Swamp:5  | Reached skill level 15 in Fighting
 43784 | Swamp:5  | Noticed a tentacled monstrosity
 43828 | Swamp:5  | Killed a tentacled monstrosity
 44821 | Swamp:5  | Reached XP level 19. HP: 102/124 MP: 27/27
 45139 | Swamp:5  | Got a decaying rune of Zot
 46311 | D:14     | Received a gift from Okawaru
 46319 | D:14     | Reached skill level 18 in Maces & Flails
 46471 | D:14     | Reached skill level 15 in Armour
 46601 | D:15     | Entered Level 15 of the Dungeon
 46915 | D:15     | Reached skill level 1 in Throwing
 47300 | D:15     | Reached skill level 5 in Spellcasting
 47369 | D:15     | Found a staircase to the Depths.
 47772 | Vaults:1 | Entered Level 1 of the Vaults
 47966 | Vaults:1 | Found a portal to a secret trove of treasure.
 48304 | Vaults:1 | Gained mutation: You have a pair of antennae on your head. [potion of beneficial mutation]
 48733 | Vaults:1 | Received a gift from Okawaru
 48736 | Vaults:1 | Got a smoking lajatang {god gift}
 49390 | Vaults:1 | Received a gift from Okawaru
 49402 | Vaults:1 | Identified the +7 lajatang "Boithrae" {slice, rC+ rN+} (Okawaru gifted it to you on level 1 of the Vaults)
 49757 | Vaults:2 | Reached XP level 20. HP: 125/131 MP: 27/27
 51309 | Vaults:3 | Reached skill level 19 in Maces & Flails
 51746 | Vaults:3 | Noticed Saint Roka
 51797 | Vaults:3 | Killed Saint Roka
 51797 | Vaults:3 | Received a gift from Okawaru
 52101 | Vaults:3 | Found a staircase to the Crypt.
 52361 | Vaults:3 | Noticed Donald
 52406 | Vaults:3 | Killed Donald
 53097 | Vaults:3 | Noticed Boris
 53125 | Vaults:3 | Killed Boris
 53125 | Vaults:3 | Reached XP level 21. HP: 136/136 MP: 29/29
 53433 | Vaults:4 | Received a gift from Okawaru
 53436 | Vaults:4 | Got a faintly glowing eveningstar {god gift}
 53438 | Vaults:4 | Identified the +1 eveningstar "Cijyt Tiozuo" {crush, +Rage rC- Str+4 SInv} (Okawaru gifted it to you on level 4 of the Vaults)
 53707 | Vaults:3 | Reached skill level 10 in Dodging
 54077 | Vaults:4 | Noticed Boris
 54114 | Vaults:4 | Killed Boris
 54166 | Vaults:4 | Noticed Agnes
 54166 | Vaults:4 | Noticed Frances
 54167 | Vaults:4 | Noticed Sojobo
 54177 | Vaults:4 | Killed Agnes
 54194 | Vaults:4 | Killed Frances
 54210 | Vaults:4 | Killed Sojobo
 54957 | Vaults:4 | Received a gift from Okawaru
 54960 | Vaults:4 | Got a spiked chain mail {god gift}
 54963 | Vaults:4 | Identified the +7 chain mail of the Pink Corner {rC+ rCorr Int-2} (Okawaru gifted it to you on level 4 of the Vaults)
 55376 | Elf:1    | Entered Level 1 of the Elven Halls
 55923 | Elf:1    | Cast into the Abyss (a deep elf sorcerer)
 56149 | Abyss:1  | Got an ancient halberd
 56151 | Abyss:1  | Identified the +8 halberd "Sheumoum" {speed, Dex+3} (You found it on level 1 of the Abyss)
 57458 | Elf:1    | Escaped the Abyss
 57907 | Elf:1    | Got a pitted scale mail
 57908 | Elf:1    | Identified the +1 scale mail "Faoxip" {Contam Str+4 Stlth+} (You found it on level 1 of the Elven Halls)
 58261 | Elf:2    | Found Taheonapn's Gadget Shop.
 58349 | Elf:2    | Identified a scroll of acquirement
 58427 | Elf:2    | Reached XP level 22. HP: 138/144 MP: 31/31
 58713 | Elf:2    | Found a runed gate.
 58713 | Elf:2    | Found a runed gate.
 58713 | Elf:2    | Found a runed gate.
 58749 | Elf:2    | Noticed Jorgrun
 58772 | Elf:2    | Noticed Rupert
 58773 | Elf:2    | Killed Jorgrun
 58791 | Elf:2    | Killed Rupert
 59333 | Elf:2    | Received a gift from Okawaru
 59340 | Elf:2    | Got a distressingly furry ring mail {god gift}
 59362 | Elf:2    | Identified the +2 ring mail of Paranoia {rElec rF+} (Okawaru gifted it to you on level 2 of the Elven Halls)
 59597 | Elf:3    | Entered Level 3 of the Elven Halls
 60096 | Elf:3    | HP: 7/145 [orc priest/divine providence[an orc high priest] (12)]
 60498 | Elf:3    | Noticed pustota's ghost (great MiFi)
 60540 | Elf:3    | Killed pustota's ghost
 61143 | Elf:3    | Cast into the Abyss (a deep elf demonologist)
 61144 | Abyss:1  | Found a corrupted altar of Lugonu.
 61478 | Elf:3    | Escaped the Abyss
 61540 | Elf:3    | Gained mutation: Scrolls take you a little longer to read. [a neqoxec]
 61650 | Elf:3    | Got a polished spear
 61656 | Elf:3    | Identified the +8 spear "Hulk" {venom, +Blink rPois Str+4 Int-5 Dex-5} (You took it off a deep elf sorcerer on level 3 of the Elven Halls)
 61783 | Elf:3    | Gained mutation: You are dopey. (Int -2) [a neqoxec]
 61785 | Elf:3    | Gained mutation: You expend magic power (3 MP) to slightly strengthen your wands. [a neqoxec]
 62481 | Elf:3    | Got a shimmering lapis lazuli ring
 62570 | Elf:3    | Identified the ring "Piej" {rPois rN+ EV+1 Int+2 Stlth-} (You took it off a deep elf demonologist on level 3 of the Elven Halls)
 62616 | Elf:3    | Got a pair of brightly glowing gloves
 62631 | Elf:3    | Identified the +1 pair of gloves of Pride {-Tele +Fly rCorr MP+9 Int+4} (You found it on level 3 of the Elven Halls)
 62672 | Elf:3    | Got a wavering copper ring
 62717 | Elf:3    | Got a smoking great sword
 62722 | Elf:3    | Identified the +4 great sword of Vanity {slice, -Tele rPois Str+6 SInv} (You took it off a deep elf annihilator on level 3 of the Elven Halls)
 62728 | Elf:3    | Identified the ring "Scheujor" {Ice +Inv} (You took it off a deep elf blademaster on level 3 of the Elven Halls)
 62971 | Elf:3    | Got an ebony shortbow
 62978 | Elf:3    | Identified the cursed +3 shortbow "Usuty" {velocity, rN++} (You found it on level 3 of the Elven Halls)
 63001 | Elf:3    | Got a twisted hand crossbow
 63008 | Elf:3    | Identified the cursed -1 hand crossbow of Tria {flame, +Inv Int+4 Dex+2} (You found it on level 3 of the Elven Halls)
 63151 | Elf:3    | Identified a +2 pair of boots of running (You found it on level 3 of the Elven Halls)
 63683 | Vaults:5 | Entered Level 5 of the Vaults
 63902 | Vaults:4 | Received a gift from Okawaru
 63946 | Vaults:4 | Got a pair of twisted boots {god gift}
 63968 | Vaults:4 | Identified the +3 pair of boots "Ipnuro" {rCorr} (Okawaru gifted it to you on level 4 of the Vaults)
 64000 | Vaults:4 | Reached XP level 23. HP: 134/152 MP: 31/31
 65067 | Vaults:5 | Found Psinoewnay's Gadget Shoppe.
 65314 | Vaults:5 | Reached skill level 20 in Maces & Flails
 65516 | Vaults:5 | Noticed an ancient lich
 65793 | Vaults:5 | Received a gift from Okawaru
 67122 | Vaults:5 | Got a silver rune of Zot
 67271 | Vaults:5 | Identified the Grimoire of Self-Knowledge
 67280 | Vaults:5 | Got a translucent hand crossbow
 67284 | Vaults:5 | Got a flickering bone amulet
 67299 | Vaults:5 | Identified the amulet "Thutte" {Gourm MP+9 Int-4 Dex+3} (You found it on level 5 of the Vaults)
 67454 | Vaults:5 | Identified the Handbook of Feathers
 67556 | Vaults:5 | Reached XP level 24. HP: 145/160 MP: 32/32
 67691 | Vaults:5 | Got a crude mace
 67721 | Vaults:5 | Identified the +9 hand crossbow "Spiderbane" {venom, rElec MR- MP+9 Str+5 Int-3} (You found it on level 5 of the Vaults)
 67723 | Vaults:5 | Identified the +7 mace "Killer Bee's Regret" {crush, +Blink} (You found it on level 5 of the Vaults)
 67797 | Vaults:5 | Killed an ancient lich
 68011 | Vaults:5 | Received a gift from Okawaru
 68648 | Depths:1 | Entered Level 1 of the Depths
 68846 | Depths:1 | Found a gateway to Hell.
 69150 | Depths:1 | Received a gift from Okawaru
 71924 | Depths:2 | Got a spiked shield
 71943 | Depths:2 | Identified the +1 shield of Purpose {rN+ MP+9} (You found it on level 2 of the Depths)
 72339 | Depths:2 | Got a crystal war axe
 72353 | Depths:2 | Identified the cursed -1 war axe "Suanijuv" {freeze, rElec rC- Str+3 Int+2 Dex+4} (You found it on level 2 of the Depths)
 72967 | Depths:2 | Received a gift from Okawaru
 72970 | Depths:2 | Got a faintly humming leather armour {god gift}
 72973 | Depths:2 | Identified the +3 leather armour "Niutz" {+Fly rPois MR+ MP+9} (Okawaru gifted it to you on level 2 of the Depths)
 73435 | Depths:2 | Reached XP level 25. HP: 79/168 MP: 14/32
 74178 | Depths:3 | Noticed Enish's ghost (mighty FeBe)
 74194 | Depths:3 | Killed Enish's ghost
 74374 | Depths:3 | Paralysed by a sphinx for 3 turns
 74631 | Depths:3 | Found a one-way gate leading to the halls of Pandemonium.
 75263 | Depths:3 | Found a gateway to a ziggurat.
 75846 | Depths:3 | Received a gift from Okawaru
 76093 | Depths:3 | Received a gift from Okawaru
 76321 | Depths:3 | Reached skill level 21 in Shields
 76974 | Depths:4 | Got a jewelled morningstar
 77159 | Depths:4 | Identified the +7 morningstar of the Five Ghosts {crush, -Tele rElec Dex+4} (You found it on level 4 of the Depths)
 77626 | Depths:4 | Found a one-way gate to the infinite horrors of the Abyss.
 77852 | Depths:4 | Identified the Disquisition on Glacial Talismans
 77937 | Depths:4 | Noticed Jory
 78002 | Depths:4 | Killed Jory
 78281 | Depths:4 | Reached XP level 26. HP: 164/176 MP: 33/33
 78555 | Depths:5 | Entered Level 5 of the Depths
 79099 | Depths:5 | Received a gift from Okawaru
 79763 | Depths:5 | Found a gate to the Realm of Zot.
 80607 | Crypt:1  | Entered Level 1 of the Crypt
 81932 | Crypt:2  | Reached skill level 22 in Shields
 82002 | Crypt:2  | Received a gift from Okawaru
 82413 | Crypt:2  | HP: 4/177 [ghoul[a catoblepas zombie] (10)]
 82414 | Crypt:2  | Slain by a revenant

Action                   |  1- 3 |  4- 6 |  7- 9 | 10-12 | 13-15 | 16-18 | 19-21 | 22-24 | 25-27 || total
-------------------------+-------+-------+-------+-------+-------+-------+-------+-------+-------++-------
Melee: Flail             |   150 |   259 |   447 |  1428 |  3363 |  3335 |  1867 |  2032 |   912 || 13793
       Morningstar       |       |       |       |       |       |       |  1685 |   549 |       ||  2234
       Mace              |       |       |       |       |       |       |       |  1669 |  2182 ||  3851
Throw: Tomahawk          |       |       |       |       |    15 |       |       |       |       ||    15
Invok: Heroism           |       |       |       |     3 |     1 |       |       |       |       ||     4
       Finesse           |       |       |       |     1 |     5 |    10 |     6 |    11 |     4 ||    37
 Abil: Fly               |       |       |       |       |     2 |     5 |       |       |       ||     7
       Stop Flying       |       |       |       |       |     2 |     1 |     1 |       |       ||     4
       Evoke Flight      |       |       |       |       |       |     1 |       |       |       ||     1
Evoke: Wand              |       |       |     2 |    13 |       |       |     2 |       |     1 ||    18
       Box of beasts     |       |       |       |       |       |       |     2 |       |       ||     2
       Deck              |       |       |       |       |       |       |     1 |       |     2 ||     3
       Disc of storms    |       |       |       |       |       |       |       |     5 |     1 ||     6
       Lamp of fire      |       |       |       |       |       |       |       |     2 |     1 ||     3
       Phantom mirror    |       |       |       |       |       |       |       |     1 |       ||     1
  Use: Potion            |       |     2 |     1 |     6 |     2 |     4 |     4 |     3 |    13 ||    35
       Scroll            |       |       |     8 |    16 |    11 |     5 |    15 |    24 |     6 ||    85
 Stab: Confused          |       |       |       |       |     3 |     1 |       |       |       ||     4
       Distracted        |       |       |       |       |       |       |     1 |       |     1 ||     2
  Eat: Chunk             |     1 |     7 |    11 |    14 |    45 |    29 |    14 |    42 |    10 ||   173
       Pizza             |       |     1 |       |       |       |       |     4 |     1 |       ||     6
       Royal jelly       |       |     1 |       |     2 |     1 |       |     2 |       |     1 ||     7
       Beef jerky        |       |       |     1 |       |     3 |     1 |     2 |     2 |     1 ||    10
       Bread ration      |       |       |       |     2 |       |       |       |       |       ||     2
       Fruit             |       |       |       |       |    12 |     3 |       |       |       ||    15
       Meat ration       |       |       |       |       |       |     4 |     6 |     5 |     4 ||    19
